 Dungeon Crawl Stone Soup version 0.20.1-1-g8b1a95d (webtiles) character file.

5183 mortelune the Cleaver (level 10, -9/93 HPs)
             Began as a Minotaur Fighter on Nov 4, 2017.
             Was a Priest of Okawaru.
             Mangled by a two-headed ogre
             ... wielding a +0 giant club
              (16 damage)
             ... on level 9 of the Dungeon.
             The game lasted 00:35:29 (9495 turns).

mortelune the Cleaver (Minotaur Fighter)            Turns: 9495, Time: 00:35:30

Health: -9/93      AC: 18    Str: 24    XL:     10   Next: 34%
Magic:  9/9        EV:  5    Int:  5    God:    Okawaru [***...]
Gold:   78         SH:  9    Dex: 10    Spells: 9/9 levels left

rFire    . . .     SeeInvis .   a - +0 war axe
rCold    + . .     Gourm    .   c - +0 shield
rNeg     . . .     Faith    .   R - +0 plate armour
rPois    .         Spirit   .   P - +0 hat
rElec    .         Reflect  .   O - +0 cloak
rCorr    .         Harm     .   G - +0 pair of gloves
MR       .....                  y - +0 pair of boots
Stlth    ..........             (no amulet)
Regen    0.3/turn               z - ring of protection from cold
MPRegen  0.2/turn               (no ring)

@: very slightly contaminated
A: retaliatory headbutt, horns 2
a: Heroism, Renounce Religion


You were on level 9 of the Dungeon.
You worshipped Okawaru.
Okawaru was most pleased with you.
You were hungry.

You visited 2 branches of the dungeon, and saw 10 of its levels.

You collected 342 gold pieces.
You spent 264 gold pieces at shops.

Inventory:

Hand Weapons
 a - a +0 war axe (weapon)
 e - a +0 hunting sling
 F - a +0 war axe
 M - a +0 shortbow
 Y - a +0 dire flail
Missiles
 N - 68 arrows
Armour
 b - a +0 scale mail
 c - a +0 shield (worn)
 w - a scarf of cloud immunity
 y - a +0 pair of boots (worn)
 G - a +0 pair of gloves (worn)
 K - a +0 ring mail
 O - a +0 cloak (worn)
 P - a +0 hat (worn)
 Q - a +0 chain mail
 R - a +0 plate armour (worn)
Jewellery
 z - a ring of protection from cold (left hand)
Wands
 o - a wand of scattershot (6/9)
 B - a wand of digging (9/24)
 C - a wand of flame (33/48)
Scrolls
 g - a scroll of amnesia {unknown}
 h - 4 scrolls of immolation
 j - 2 scrolls of teleportation
 l - 2 scrolls of magic mapping
 m - 3 scrolls of fear
 n - 2 scrolls of recharging
 r - 2 scrolls of enchant armour
 D - a scroll of noise {unknown}
 H - 3 scrolls of remove curse
 S - 2 scrolls of enchant weapon
 U - a scroll of fog {unknown}
 W - a scroll of silence {unknown}
Potions
 d - 2 potions of might
 p - 2 potions of agility
 q - a potion of magic {unknown}
 t - a potion of mutation {unknown}
 u - 2 potions of haste
 v - 2 potions of flight
 A - a potion of brilliance {unknown}
 E - a potion of curing {unknown}
 I - 2 potions of degeneration {unknown}
 J - a potion of cancellation {unknown}
 L - a potion of invisibility
Books
 V - a book of Misfortune

   Spells                             Type                      Level
   a - Confusing Touch                Hexes                        1
   b - Confuse                        Hexes                        3
   c - Gell's Gravitas                Translocation                3
   d - Petrify                        Transmutation/Earth          4
   e - Metabolic Englaciation         Hexes/Ice                    5
   f - Yara's Violent Unravelling     Hexes/Transmutation          5
Comestibles
 f - 4 bread rations
 s - 3 meat rations
 x - 15 fruits
 X - 4 royal jellies


   Skills:
 + Level 10.0 Fighting
 * Level 12.7 Axes
 + Level 9.8 Armour
 - Level 3.6 Shields


You had 9 spell levels left.
You didn't know any spells.

Dungeon Overview and Level Annotations

Branches:
Dungeon (9/15)             Temple (1/1) D:6            Lair (0/6) D:9
    Orc (0/2) D:9

Altars:
Ashenzari
Dithmenos
Elyvilon
Fedhas
Gozag
Hepliaklqana
Kikubaaqudgha
Makhleb
Nemelex Xobeh
Okawaru
Qazlal
Ru
Sif Muna
Trog
Vehumet
Xom
Yredelemnul
The Shining One

Shops:
D:5 *   D:6 [   D:8 ?

Annotations:
D:2 Sigmund
D:6 Prince Ribbit


Innate Abilities, Weirdness & Mutations

You reflexively headbutt those who attack you in melee.
You have a pair of horns on your head.


Message History

You feel much better.
The phantom hits you but does no damage.
The two-headed ogre hits you but does no damage. x2
Blink to where?
Press: ? - help, Dir - move target cursor You are very lightly contaminated with residual magic.
As you read the scroll of blinking, it crumbles to dust.
You feel yourself speed up.
The phantom blinks!
An adder comes into view.
The phantom blinks!
You hear a distant blaring wail to the east.
The phantom hits you but does no damage.
There is a stone staircase leading down here.
You can't go up here!
The phantom hits you but does no damage.
The two-headed ogre hits you with a giant club!!
* * * LOW HITPOINT WARNING * * *
The two-headed ogre hits you with a giant spiked club!
You die...

#### #.>#
#############.###########
.......[.................
.............W...........
.......S..@O..###.######
..........W...# #.##.##
..........(...####.#..#
........<.....##.#.W..#
..............# #....#.#
..............##.#.#O# #.
.............##..##.##[...
......>......#..#..WZ.#
.............#..##.#Z#ZZ#


You could see a two-headed ogre, a phantom, a hungry ghost and an adder.

Vanquished Creatures
  A two-headed ogre (D:8)
  Pikel (D:8)
  A hippogriff (D:8)
  2 dream sheep (D:8)
  A wraith (D:9)
  2 yaks (D:8)
  2 water moccasins (D:6)
  A slave (D:8)
  A black bear (D:8)
  5 ogres
  3 ice beasts
  A phantom (D:5)
  A centaur (D:5)
  4 bullfrogs
  2 big kobolds (D:8)
  A scorpion (D:7)
  7 wights
  2 crimson imps
  A centaur zombie (D:6)
  3 jellies
  3 orc priests
  2 hounds
  3 orc wizards
  12 worker ants
  Natasha (thrice) (D:3)
  Terence (D:2)
  4 iguanas
  An ogre zombie (D:9)
  A hound zombie (D:8)
  2 hound skeletons (D:4)
  4 gnolls (D:7)
  A howler monkey skeleton (D:8)
  10 adders
  A shadow imp (D:5)
  An ooze (D:1)
  3 dart slugs
  7 leopard geckos
  12 orcs
  8 bats
  6 giant cockroaches
  11 goblins
  8 hobgoblins
  15 jackals
  4 kobolds
  4 ball pythons
  A ball python skeleton (D:4)
  5 frilled lizards
  2 goblin zombies (D:9)
  A hobgoblin skeleton (D:9)
  A leopard gecko skeleton (D:4)
  An orc zombie (D:9)
  A quokka zombie (D:8)
  7 rats
188 creatures vanquished.

Vanquished Creatures (others)
  4 plants (D:8)
4 creatures vanquished.

Grand Total: 192 creatures vanquished

Notes
Turn   | Place    | Note
-------+----------+-------------------------------------------
     0 | D:1      | mortelune the Minotaur Fighter began the quest for the Orb.
     0 | D:1      | Reached XP level 1. HP: 19/19 MP: 0/0
   103 | D:1      | Reached XP level 2. HP: 27/27 MP: 1/1
   279 | D:1      | Reached skill level 3 in Axes
   865 | D:2      | Noticed Terence
   875 | D:2      | Killed Terence
   875 | D:2      | Reached XP level 3. HP: 12/33 MP: 2/2
  1149 | D:2      | Noticed Sigmund
  1520 | D:2      | Reached XP level 4. HP: 41/41 MP: 3/3
  1594 | D:2      | Reached skill level 4 in Axes
  2201 | D:3      | Noticed Natasha
  2207 | D:3      | Killed Natasha
  2207 | D:3      | Reached skill level 5 in Fighting
  2207 | D:3      | Reached XP level 5. HP: 37/48 MP: 4/4
  2290 | D:3      | Found a shadowy altar of Dithmenos.
  2348 | D:3      | Noticed Natasha
  2351 | D:3      | Killed Natasha
  2351 | D:3      | Reached skill level 5 in Axes
  2355 | D:3      | Noticed Natasha
  2365 | D:3      | Killed Natasha
  2421 | D:3      | Found a shattered altar of Ashenzari.
  3279 | D:4      | Reached XP level 6. HP: 56/56 MP: 5/5
  3341 | D:4      | Reached skill level 6 in Axes
  3341 | D:4      | Reached skill level 5 in Armour
  3599 | D:4      | Found a stormy altar of Qazlal.
  3780 | D:4      | Reached skill level 7 in Axes
  3780 | D:4      | Reached XP level 7. HP: 27/63 MP: 6/6
  4457 | D:5      | Entered Level 5 of the Dungeon
  4597 | D:5      | Found a sacrificial altar of Ru.
  4911 | D:5      | Reached skill level 8 in Axes
  4924 | D:5      | Reached XP level 8. HP: 44/71 MP: 7/7
  5066 | D:5      | Found Qyuhuonist's Elemental Accessories.
  5683 | D:6      | Reached skill level 9 in Axes
  5848 | D:6      | Found Qotzixaunk's Armour Shoppe.
  5861 | D:6      | Bought a +0 hat for 44 gold pieces
  5881 | D:6      | Found an opulent altar of Gozag.
  5881 | D:6      | Noticed Prince Ribbit
  6268 | D:6      | Found a shimmering altar of Xom.
  6362 | D:6      | Found a deep blue altar of Sif Muna.
  6470 | D:6      | Found a staircase to the Ecumenical Temple.
  6482 | Temple   | Entered the Ecumenical Temple
  6849 | D:6      | Found an iron altar of Okawaru.
  6860 | D:6      | Became a worshipper of Warmaster Okawaru
  7244 | D:7      | Reached skill level 10 in Axes
  7340 | D:7      | Reached XP level 9. HP: 81/81 MP: 8/8
  7858 | D:7      | Found an ancient bone altar of Kikubaaqudgha.
  8053 | D:8      | Found Cuohio Agou's Magic Scroll Emporium.
  8060 | D:8      | Reached * piety under Okawaru
  8068 | D:8      | Bought a scroll of identify for 26 gold pieces
  8068 | D:8      | Bought a scroll of enchant armour for 97 gold pieces
  8068 | D:8      | Bought a scroll of enchant weapon for 97 gold pieces
  8311 | D:8      | Noticed Pikel
  8325 | D:8      | Killed Pikel
  8325 | D:8      | Reached ** piety under Okawaru
  8325 | D:8      | Reached skill level 11 in Axes
  8863 | D:8      | Noticed a two-headed ogre
  8872 | D:8      | Killed a two-headed ogre
  8872 | D:8      | Reached *** piety under Okawaru
  8872 | D:8      | Reached skill level 12 in Axes
  8872 | D:8      | Reached XP level 10. HP: 89/91 MP: 6/9
  9090 | D:8      | Noticed a three-headed hydra
  9110 | D:8      | Reached skill level 10 in Fighting
  9411 | D:9      | Found a staircase to the Lair.
  9460 | D:9      | Found a staircase to the Orcish Mines.
  9460 | D:9      | Noticed a two-headed ogre
  9495 | D:9      | Mangled by a two-headed ogre

Skill      XL: |  1  2  3  4  5  6  7  8  9 10 |
---------------+-------------------------------+-----
Fighting       | 4 5 6 8 9 10 | 10.0
Axes           | 3 4 5 7 8 10 12 | 12.7
Armour         | 4 5 6 7 9 |  9.8
Shields        | |  3.6

Action                   |  1- 3 |  4- 6 |  7- 9 | 10-12 || total
-------------------------+-------+-------+-------+-------++-------
Melee: War axe           |    65 |   139 |   295 |    71 ||   570
       Headbutt          |     9 |    29 |    70 |    19 ||   127
Invok: Heroism           |       |       |     2 |     1 ||     3
  Use: Scroll            |       |    13 |     2 |     2 ||    17
       Potion            |       |     2 |       |     1 ||     3
  Eat: Chunk             |     1 |     8 |    11 |     1 ||    21
       Meat ration       |       |       |     1 |       ||     1
       Fruit             |       |       |     1 |       ||     1
Armor: Scale mail        |    17 |    64 |    31 |       ||   112
       Chain mail        |       |       |    93 |    20 ||   113
       Plate armour      |       |       |       |    26 ||    26
Dodge: Dodged            |    17 |    42 |    60 |    25 ||   144
Block: Shield            |    31 |    74 |   122 |    28 ||   255
